AoeStats
← Ähmsel

Oasis

507832296Analyzed
2v2 RM · 12d ago on Sep 19, 2026· 60m 39s· 4 players
Game mode
Random Map
Map size
Medium (4 player)
Population
200
Speed
Normal
Resources
Standard
Victory
Conquest
Starting age
Dark Age
Ending age
Imperial Age
RankedLock teamsTeams togetherTeam positionsShared explorationLock speedFull tech treeHidden civsTurbo modeCheats
Victory
Defeat
🇵🇱 Franks · Poland
624
+11
🇺🇸 Burgundians · United States
493
+16
🇩🇪 Turks · Germany
524
-14
🇩🇪 Britons · Germany
488
-13
Ähmsel
10:12 Loom
12:37 Feudal Age
13:24 Town Watch
14:15 Wheelbarrow
13:22 Horse Collar
17:50 Double-Bit Axe
20:08 Scale Barding Armor
20:05 Scale Mail Armor
25:36 Castle Age
26:22 Town Patrol
26:43 Squires
27:50 Crossbowman
29:24 Husbandry
29:52 Stone Mining
30:29 Heavy Plow
31:33 Fletching
32:18 Gold Mining
34:03 Bow Saw
36:29 Hand Cart
38:00 Thumb Ring
41:48 Imperial Age
39:36 Forging
41:21 Ballistics
40:52 Guard Tower
41:59 Padded Archer Armor
41:52 Treadmill Crane
43:15 Redemption
44:24 Heavy Camel Rider
45:48 Sappers
49:31 Capped Ram
51:15 Two-Man Saw
50:28 Capped Ram
51:08 Arrowslits
52:40 Fortified Wall
52:58 Sanctity
52:38 Devotion
53:40 Murder Holes
Dr. Robinski
13:29 Feudal Age
18:01 Padded Archer Armor
17:52 Fletching
20:52 Scale Mail Armor
22:41 Loom
23:33 Wheelbarrow
22:56 Double-Bit Axe
23:43 Stone Mining
23:48 Gold Mining
29:46 Castle Age
28:38 Man-at-Arms
31:09 Leather Archer Armor
31:00 Horse Collar
34:25 Husbandry
33:52 Long Swordsman
35:18 Crossbowman
36:31 Ballistics
40:39 Bodkin Arrow
40:51 Scale Barding Armor
42:17 Gambesons
47:21 Imperial Age
46:46 Chain Mail Armor
46:52 Chain Barding Armor
46:43 Forging
47:49 Arbalester
49:13 Ring Archer Armor
50:15 Chemistry
50:51 Iron Casting
51:00 Plate Barding Armor
THATgoogoo88
4:06 Loom
9:54 Feudal Age
10:09 Double-Bit Axe
11:14 Wheelbarrow
11:24 Bow Saw
16:19 Gold Mining
18:53 Man-at-Arms
24:32 Castle Age
24:39 Gold Shaft Mining
23:58 Stone Mining
24:48 Long Swordsman
28:04 Stone Shaft Mining
29:22 Town Watch
29:56 Arson
30:12 Squires
30:24 Horse Collar
35:52 Imperial Age
34:02 Scale Mail Armor
37:00 Two-Handed Swordsman
39:12 Chain Mail Armor
39:03 Scale Barding Armor
39:07 Champion
40:16 Cavalier
41:22 Chain Barding Armor
41:33 Plate Mail Armor
56:21 Elite Coustillier
58:39 Paladin
Gumar
13:01 Feudal Age
23:44 Double-Bit Axe
28:12 Castle Age
27:59 Gold Mining
27:59 Stone Mining
28:22 Crossbowman
29:19 Bow Saw
30:35 Pikeman
32:14 Elite Skirmisher
36:40 Fervor
37:27 Light Cavalry
38:08 Husbandry
42:36 Imperial Age
42:02 #83
43:08 Wheelbarrow
42:18 Town Watch
42:19 Loom
43:02 Fletching
43:13 Padded Archer Armor
43:01 Cavalier
44:06 Bodkin Arrow
47:15 Gold Shaft Mining
47:20 Paladin
49:56 Halberdier
50:36 Squires
50:22 Arson
50:24 Gambesons
52:30 Onager
52:31 Heavy Scorpion
54:21 Chemistry
53:41 Ballistics
59:10 Conscription
60:51 Caravan
Connection lost

Rejoining the realm…

Still unreachable

The connection could not be restored.

Session expired

The server has moved on; the page needs a fresh start.